 Dungeon Crawl Stone Soup version 0.17-a0-1210-g1e4f09d (webtiles) character file.

215620 onwiheg the Peltast (level 19, -3/163 HPs)
             Began as a Formicid Fighter on June 2, 2015.
             Was the Champion of Okawaru.
             Slain by the 27-headed Lernaean hydra (5 damage)
             ... on level 3 of the Swamp on June 4, 2015.
             The game lasted 03:41:50 (35621 turns).

onwiheg the Peltast (Formicid Fighter)             Turns: 35621, Time: 03:41:50

Health: -3/163     AC: 32    Str: 29    XL:     19   Next: 76%
Magic:  17/19      EV: 10    Int: 10    God:    Okawaru [******]
Gold:   3443       SH: 36    Dex: 10    Spells: 0 memorised, 18 levels left

rFire  + . .     SeeInvis +     q - +7 eveningstar (venom)
rCold  . . .     Clarity  .     a - +5 chain mail of Failure {rElec rF+ MR+ Str+2}
rNeg   + + .     SustAt   .     m - +18 shield of the gong {rElec rN+ MR+ EV-5}
rPois  +         Gourm    .     (helmet unavailable)
rElec  +         Spirit   .     t - +2 cloak {MR+}
rCorr  .         Warding  .     Y - +2 pair of gloves {Str+3}
rMut   +         Stasis   +     g - +1 pair of boots
MR     ++++.                    U - amulet "Pyelu" {rMut rElec rPois Str-3}
Stlth  ..........               X - ring of positive energy
                                x - +4 ring of evasion

@: heroism, incredibly resistant to hostile enchantments, extremely unstealthy
A: permanent stasis, dig shafts and tunnels, four strong arms, antennae 3
a: Dig, Shaft Self, Heroism, Renounce Religion
}: 1/15 runes: gossamer


You were on level 3 of the Swamp.
You worshipped Okawaru.
Okawaru was exalted by your worship.
You were not hungry.

You visited 7 branches of the dungeon, and saw 34 of its levels.
You also visited: Labyrinth, Ice Cave and Wizlab.

You collected 4358 gold pieces.
You spent 915 gold pieces at shops.

Inventory:

Hand weapons
 q - a +7 eveningstar of venom (weapon)
 w - a +1 demon blade of electrocution
 W - a +2 executioner's axe of holy wrath
Missiles
 j - 13 javelins (quivered)
Armour
 a - the +5 chain mail of Failure (worn) {rElec rF+ MR+ Str+2}
   (You bought it in a shop on level 9 of the Dungeon)

   It affects your strength (+2).
   It protects you from fire.
   It insulates you from electricity.
   It affects your resistance to hostile enchantments.
 g - a +1 pair of boots (worn)
 m - the +18 shield of the gong (worn) {rElec rN+ MR+ EV-5}
   (You found it in a labyrinth)

   It affects your evasion (-5).
   It insulates you from electricity.
   It protects you from negative energy.
   It affects your resistance to hostile enchantments.
 t - a +2 cloak of magic resistance (worn)
 T - a +2 pair of gloves of dexterity
 Y - a +2 pair of gloves of strength (worn)
Jewellery
 h - an uncursed ring of protection from cold
 s - an uncursed ring of invisibility {unknown}
 x - a +4 ring of evasion (left hand)
 I - an uncursed ring of protection from cold
 U - the amulet "Pyelu" (around neck) {rMut rElec rPois Str-3}
   (You found it in an ice cave)

   [amulet of resist mutation]

   It protects you from mutation.
   It affects your strength (-3).
   It insulates you from electricity.
   It protects you from poison.
 X - a ring of positive energy (right hand)
Magical devices
 i - a wand of polymorph (17)
 v - a wand of polymorph (11)
 y - a wand of lightning (9)
 G - a wand of teleportation (5)
 H - a wand of confusion (21)
 N - a wand of enslavement (11)
 O - a wand of fire (1)
 Q - a wand of paralysis (10)
 R - a wand of paralysis (17)
 S - a wand of fire (9)
 V - a wand of draining (6)
Scrolls
 b - 2 scrolls of magic mapping
 c - a scroll of remove curse
 d - a scroll of silence
 e - a scroll of recharging
 f - a scroll of brand weapon
 n - 9 scrolls of fear
 o - 3 scrolls of fog
 z - a scroll of amnesia
 D - 12 scrolls of identify
 E - a scroll of enchant weapon
 K - 2 scrolls of torment {unknown}
 L - a scroll of holy word
Potions
 k - 2 potions of magic {unknown}
 l - 7 potions of ambrosia
 p - a potion of flight {unknown}
 r - 5 potions of curing
 u - a potion of resistance
 A - a potion of heal wounds
 C - a potion of brilliance
 J - a potion of degeneration {unknown}
 M - 2 potions of cancellation
 P - a potion of berserk rage {unknown}
Books
 B - a book of the Dragon

   Spells                             Type                      Level
   a - Flame Tongue                   Conjuration/Fire             1
   b - Cause Fear                     Hexes                        4
   c - Bolt of Fire                   Conjuration/Fire             6
   d - Dragon Form                    Transmutation                7
   e - Dragon's Call                  Summoning                    9
 F - a book of Debilitation

   Spells                             Type                      Level
   a - Corona                         Hexes                        1
   b - Slow                           Hexes                        2
   c - Gell's Gravitas                Hexes/Translocation          3
   d - Inner Flame                    Hexes/Fire                   3
   e - Cause Fear                     Hexes                        4
   f - Leda's Liquefaction            Hexes/Earth                  4


   Skills:
 + Level 18.0(23.0) Fighting
 - Level 10.8(18.6) Axes
 - Level 13.7(20.0) Maces & Flails
 - Level 18.0(23.0) Armour
 - Level 19.0(24.0) Shields


You had 18 spell levels left.
You didn't know any spells.

Dungeon Overview and Level Annotations

Branches:
Dungeon (11/15)            Temple (1/1) D:7            Lair (8/8) D:8
  Swamp (4/4) Lair:4       Spider (4/4) Lair:5        Slime (0/6) Lair:7
    Orc (4/4) D:11            Elf (2/3) Orc:3

Altars:
Ashenzari
Cheibriados
Dithmenos
Elyvilon
Fedhas
Gozag
Kikubaaqudgha
Makhleb
Nemelex Xobeh
Okawaru
Qazlal
Ru
Sif Muna
Trog
Vehumet
Xom
Yredelemnul
Zin
The Shining One
Beogh

Shops:
D:5 [   D:6 *   D:9 [   D:11 %   Orc:4 %%:}*   Elf:1 *

Annotations:
Swamp:3 Lernaean hydra


Innate Abilities, Weirdness & Mutations

You are under a permanent stasis effect.
You can dig through walls and to a lower floor.
Your four strong arms can wield two-handed weapons with a shield.
You have a pair of large antennae on your head (SInv).


Message History

The 27-headed Lernaean hydra bites you.
* * * LOW HITPOINT WARNING * * *
The 27-headed Lernaean hydra bites you.
* * * LOW HITPOINT WARNING * * *
The 27-headed Lernaean hydra bites you but does no damage.
The 27-headed Lernaean hydra misses you.
The 27-headed Lernaean hydra bites you but does no damage.
The 27-headed Lernaean hydra closely misses you.
The 27-headed Lernaean hydra bites you.
* * * LOW HITPOINT WARNING * * *
You block the 27-headed Lernaean hydra's attack.
SHROANNG!
The 27-headed Lernaean hydra bites you!
* * * LOW HITPOINT WARNING * * *
The 27-headed Lernaean hydra barely misses you.
The 27-headed Lernaean hydra bites you but does no damage. x2
You block the 27-headed Lernaean hydra's attack.
BONNNG!
The 27-headed Lernaean hydra bites you.
You die...

..≈≈≈.♣♣≈≈≈≈≈♣♣♣♣♣≈≈.♣♣♣
.≈≈.≈≈≈.≈≈≈.≈≈≈..♣♣♣♣♣ ♣♣♣♣♣♣
♣♣♣.≈≈≈≈≈≈≈.≈≈≈≈≈.♣♣♣ ♣≈≈§.♣
♣≈.≈≈≈≈≈≈≈≈≈≈≈≈)..≈♣ ♣.≈≈≈♣
♣♣..≈≈≈≈≈≈≈....<[≈.♣♣♣♣♣♣♣...≈♣♣
♣...≈≈≈≈≈≈≈..§≈≈).≈≈..♣.≈.♣≈≈.≈♣
♣...≈.[)≈≈≈≈≈≈≈≈≈≈..≈≈.≈≈.≈.♣.≈.
♣P♣♣♣♣♣(≈≈≈§..≈≈≈≈≈.......≈≈♣♣≈≈♣
♣♣ ♣≈(...≈≈.[.@[.♣♣.......♣♣≈♣♣
≈♣♣ ♣♣≈≈≈♣≈≈....D♣♣.≈≈...≈.♣♣♣♣
≈≈♣ ♣♣♣♣≈♣♣≈§.≈.♣♣≈≈.≈≈≈.♣♣ ≈≈♣
♣♣♣.P≈≈≈≈♣≈(≈≈≈≈≈♣♣ ..♣
♣..≈≈.≈♣♣♣♣≈.§.♣ ♣♣♣ ♣.≈§≈.≈♣
♣♣≈♣♣♣♣ ♣ ♣♣..♣♣♣≈≈♣≈♣♣ ♣♣♣♣
♣≈≈♣♣ ♣≈≈≈≈≈


You could see the 27-headed Lernaean hydra.

Vanquished Creatures
  An ancient lich (WizLab)
  Norris (Spider:2)
  Nikola (Elf:1)
  Arachne (Spider:2)
  A deep elf blademaster (Elf:2)
  2 ancient champions (WizLab)
  A thorn hunter (Swamp:3)
  Roxanne (Swamp:2)
  Donald (Spider:4)
  9 emperor scorpions
  3 deep elf sorcerers (Elf:1)
  4 ghost moths
  Nessos (Orc:3)
  A deep elf demonologist (Elf:2)
  A minotaur (Lab)
  A fire dragon (Lair:8)
  4 entropy weavers
  16 hydras
  3 ice dragons
  A ghost crab (Swamp:3)
  5 orc high priests (Orc:4)
  15 dancing weapons (Elf:2)
  An ogre mage (Orc:1)
  3 alligators
  6 death yaks (Lair:8)
  19 deep elf knights
  A small abomination (Elf:1)
  Nergalle (D:9)
  9 skeletal warriors (WizLab)
  An unseen horror (D:11)
  2 wizards (Elf:1)
  2 hill giants
  4 deep elf summoners
  2 spriggan druids
  6 swamp dragons
  2 ice statues (IceCv)
  A shambling mangrove (Swamp:3)
  2 oklob plants
  7 deep elf conjurers
  3 lindwurms
  2 griffons (Lair:7)
  5 orc knights (Orc:4)
  An orc sorcerer (Orc:3)
  An ugly thing (D:11)
  14 wolf spiders
  13 orb spiders
  3 hornets
  3 black mambas
  2 moths of wrath (Spider:4)
  Maurice (Orc:3)
  9 elephants
  7 torpor snails
  16 spiny frogs
  A rust devil (Orc:4)
  11 demonic crawlers
  10 komodo dragons
  11 deep elf priests
  20 jumping spiders
  A red devil (Elf:1)
  12 giant leeches
  7 fire drakes
  17 slime creatures
  4 blink frogs
  12 bog bodies
  7 two-headed ogres
  A boulder beetle (Lair:5)
  7 ravens
  4 vampires (WizLab)
  Sigmund (D:2)
  2 wyverns
  39 redbacks
  9 spriggans
  23 trapdoor spiders
  3 shadows
  18 tarantellas
  29 yaks
  7 hippogriffs
  2 hill giant zombies (WizLab)
  26 deep elf magi
  3 basilisks
  A ynoxinul (Orc:4)
  A human (D:9)
  15 vampire mosquitoes
  21 wolves
  3 hungry ghosts
  15 swamp worms
  14 insubstantial wisps
  19 deep elf fighters
  2 chaos spawn (Orc:4)
  20 water moccasins
  7 porcupines
  6 wargs
  Duvessa (D:5)
  25 spiders
  17 ice beasts
  A black bear (D:8)
  18 ogres
  5 sky beasts
  12 wasps
  5 necrophages (Lair:5)
  A boggart (Elf:1)
  33 orc warriors
  A phantom (D:6)
  17 swamp drakes
  6 centaurs (D:11)
  17 crocodiles
  4 brain worms (Lair:8)
  19 giant frogs
  An earth elemental (Lab)
  Dowan (D:5)
  6 scorpions
  5 troll zombies (WizLab)
  An electric eel (D:11)
  15 wights
  6 killer bees (D:5)
  A centaur zombie (D:9)
  7 crimson imps
  26 orc wizards
  9 jellies
  33 orc priests
  Crazy Yiuf (D:2)
  9 hounds
  A two-headed ogre zombie (Orc:1)
  2 centaur skeletons
  A giant frog skeleton (D:10)
  2 hell rats (Elf:2)
  Terence (D:2)
  9 iguanas
  4 worker ants
  Natasha (thrice) (D:3)
  A killer bee zombie (D:8)
  21 sheep
  7 ogre zombies (WizLab)
  10 gnolls
  74 river rats
  11 adders
  A shadow imp (Orc:4)
  An ufetubus (Orc:4)
  An adder zombie (D:6)
  3 oozes
  16 worms (Lair:8)
  An adder skeleton (D:6)
  8 giant geckos
  152 orcs
  2 ball pythons
  A bat skeleton (D:5)
  3 giant cockroaches
  17 goblins
  20 hobgoblins
  13 kobolds
  5 quokkas
  13 bats
  4 giant newts
  21 jackals
  A jackal skeleton (D:5)
  A jackal zombie (D:8)
  A quokka zombie (D:6)
  16 rats
  5 spectral orcs
  3 butterflies
  A crawling corpse (Elf:1)
  A fungus (Lair:5)
  4 plants
1399 creatures vanquished.

Vanquished Creatures (others)
  A spiny frog (Swamp:3)
  A jumping spider (Spider:1)
  A deep elf priest (Elf:1)
  A bog body (Swamp:4)
  A deep elf fighter (Elf:2)
  A swamp drake (Swamp:3)
  2 river rats (Lair:7)
  13 fungi
  9 plants
30 creatures vanquished.

Grand Total: 1429 creatures vanquished

Notes
Turn   | Place    | Note
--------------------------------------------------------------
     0 | D:1      | onwiheg the Formicid Fighter began the quest for the Orb.
     0 | D:1      | Reached XP level 1. HP: 18/18 MP: 1/1
   272 | D:1      | Reached XP level 2. HP: 24/24 MP: 2/2
   576 | D:1      | Reached XP level 3. HP: 29/29 MP: 3/3
   831 | D:2      | Noticed Terence
   846 | D:2      | Killed Terence
   846 | D:2      | Reached skill level 4 in Maces & Flails
   846 | D:2      | Reached XP level 4. HP: 27/35 MP: 4/4
   904 | D:2      | Noticed Crazy Yiuf
   917 | D:2      | Killed Crazy Yiuf
  1237 | D:2      | Reached XP level 5. HP: 35/41 MP: 5/5
  1253 | D:2      | Reached skill level 5 in Maces & Flails
  1598 | D:2      | Noticed Sigmund
  1622 | D:2      | Killed Sigmund
  1622 | D:2      | Reached skill level 6 in Maces & Flails
  1622 | D:2      | Reached XP level 6. HP: 3/47 MP: 6/6
  2100 | D:3      | Noticed Natasha
  2107 | D:3      | Killed Natasha
  2134 | D:3      | Noticed a sky beast
  2160 | D:3      | Killed a sky beast
  2160 | D:3      | Reached skill level 7 in Maces & Flails
  2160 | D:3      | Reached XP level 7. HP: 13/52 MP: 7/7
  2799 | D:3      | Noticed Natasha
  2805 | D:3      | Killed Natasha
  2846 | D:3      | Noticed Natasha
  2851 | D:3      | Killed Natasha
  2948 | D:4      | Found a blossoming altar of Fedhas.
  3098 | D:4      | Found a sparkling altar of Nemelex Xobeh.
  3316 | D:4      | Found a glowing golden altar of the Shining One.
  3394 | D:5      | Entered Level 5 of the Dungeon
  3455 | D:5      | Found Sirubas's Antique Armour Emporium.
  3461 | D:5      | Bought a polished scale mail for 180 gold pieces
  3477 | D:5      | Identified the +6 scale mail of Sloth {Str-2 Int+10} (You bought it in a shop on level 5 of the Dungeon)
  3495 | D:5      | Reached skill level 8 in Maces & Flails
  3640 | D:5      | Noticed Dowan
  3642 | D:5      | Noticed Duvessa
  3659 | D:5      | Killed Duvessa
  3665 | D:5      | Reached XP level 8. HP: 40/58 MP: 8/8
  3669 | D:5      | Killed Dowan
  3800 | D:5      | Reached skill level 9 in Maces & Flails
  3893 | D:5      | Found a sacrificial altar of Ru.
  4093 | D:5      | Reached skill level 10 in Maces & Flails
  4749 | D:6      | Found a radiant altar of Vehumet.
  4766 | D:6      | Reached XP level 9. HP: 48/64 MP: 9/9
  4847 | D:6      | Found Nant's General Store.
  4938 | D:6      | Reached skill level 11 in Maces & Flails
  5151 | D:6      | Found a shattered altar of Ashenzari.
  5387 | D:6      | Upgraded the game from 0.17-a0-1197-g2d00c63 to 0.17-a0-1210-g1e4f09d
  5518 | D:7      | Reached skill level 12 in Maces & Flails
  5548 | D:7      | Found a staircase to the Ecumenical Temple.
  5557 | Temple   | Entered the Ecumenical Temple
  6457 | D:8      | Reached XP level 10. HP: 70/70 MP: 10/10
  6709 | D:8      | Reached skill level 13 in Maces & Flails
  6816 | D:8      | Reached skill level 5 in Fighting
  6835 | D:8      | Found a staircase to the Lair.
  6836 | D:8      | Noticed a komodo dragon
  6857 | D:8      | Killed a komodo dragon
  7251 | D:9      | Found an iron altar of Okawaru.
  7259 | D:9      | Became a worshipper of Warmaster Okawaru
  7311 | D:9      | Found a bloodstained altar of Trog.
  7529 | D:9      | Found Byufit's Antique Armour Shoppe.
  7888 | Lair:1   | Entered Level 1 of the Lair of Beasts
  7888 | Lair:1   | Noticed a spiny frog
  7904 | Lair:1   | Killed a spiny frog
  7904 | Lair:1   | Acquired Okawaru's first power
  8433 | Lair:1   | Noticed a spiny frog
  8434 | Lair:1   | Reached XP level 11. HP: 77/90 MP: 11/11
  8455 | Lair:1   | Reached skill level 10 in Fighting
  8473 | Lair:1   | Killed a spiny frog
  8534 | Lair:1   | Noticed an oklob plant
  9294 | Lair:2   | Found a labyrinth entrance.
  9303 | Lab      | Entered a labyrinth
  9689 | Lab      | Noticed a minotaur
  9718 | Lab      | Killed a minotaur
  9733 | Lab      | Got a brightly glowing hunting sling
 10034 | Lair:2   | Reached skill level 5 in Shields
 10461 | Lair:3   | Identified a scroll of acquirement
 10774 | Lair:3   | Noticed a four-headed hydra
 10786 | Lair:3   | Killed a four-headed hydra
 10786 | Lair:3   | Reached XP level 12. HP: 85/102 MP: 12/12
 11172 | Lair:4   | Got a pitted war axe
 11186 | Lair:4   | Acquired Okawaru's second power
 11261 | Lair:4   | Reached skill level 10 in Shields
 11351 | Lair:4   | Found a staircase to the Swamp.
 12244 | Lair:5   | Received a gift from Okawaru
 12319 | Lair:5   | Found a hole to the Spider Nest.
 12379 | Lair:5   | Identified the +6 war axe of Honour {chop, rF+ Str+3} (You found it on level 4 of the Lair of Beasts)
 12446 | Lair:5   | Reached XP level 13. HP: 106/108 MP: 13/13
 12796 | Lair:6   | Reached skill level 14 in Shields
 13064 | Lair:6   | Reached skill level 15 in Shields
 13213 | Lair:6   | You fall through a shaft for 2 floors!
 13213 | Lair:8   | Entered Level 8 of the Lair of Beasts
 13298 | Lair:8   | Reached skill level 16 in Shields
 13841 | Lair:7   | Reached skill level 17 in Shields
 13879 | Lair:7   | Found a frozen archway.
 13887 | Lair:7   | Identified the +1 hunting sling of Nilur {venom, MR++ Str+3 Dex+3 Stlth+} (You found it in a labyrinth)
 13999 | IceCv    | Entered an ice cave
 14081 | IceCv    | Reached XP level 14. HP: 72/115 MP: 14/14
 14472 | IceCv    | Got a coiled bone amulet
 14489 | IceCv    | Identified the amulet "Pyelu" {rMut rElec rPois Str-3} (You found it in an ice cave)
 14907 | Lair:6   | Received a gift from Okawaru
 14953 | Lair:6   | Reached skill level 18 in Shields
 15845 | Lair:7   | Found a staircase to the Slime Pits.
 16369 | Lair:8   | Found a runed door.
 16401 | Lair:8   | Noticed a fire dragon
 16426 | Lair:8   | Killed a fire dragon
 16461 | Lair:8   | Reached skill level 19 in Shields
 16511 | Lair:8   | Received a gift from Okawaru
 16702 | Lair:8   | HP: 2/115 [lindwurm/blast of flame (34)]
 16706 | Lair:8   | Reached skill level 5 in Armour
 17840 | Lair:1   | Found a blossoming altar of Fedhas.
 17857 | Lair:1   | Killed an oklob plant
 18056 | D:9      | Bought a warped chain mail for 294 gold pieces
 18056 | D:9      | Bought a shimmering scale mail for 279 gold pieces
 18067 | D:9      | Identified the +5 chain mail of Failure {rElec rF+ MR+ Str+2} (You bought it in a shop on level 9 of the Dungeon)
 18077 | D:9      | Identified the +1 scale mail of the Five Curses {rC+ rCorr} (You bought it in a shop on level 9 of the Dungeon)
 18249 | Lair:1   | Got a translucent large shield
 18260 | Lair:1   | Identified the +0 large shield of the Pure Gods {rC+} (You acquired it on level 1 of the Lair of Beasts)
 18384 | D:10     | Entered Level 10 of the Dungeon
 18434 | D:10     | Noticed Nergalle
 18518 | D:9      | Killed Nergalle
 18518 | D:9      | Reached skill level 1 in Axes
 18792 | D:10     | Reached XP level 15. HP: 89/121 MP: 15/15
 18793 | D:10     | Received a gift from Okawaru
 19362 | D:11     | Reached skill level 5 in Axes
 19507 | D:11     | Found a staircase to the Orcish Mines.
 19541 | D:11     | Found Zeankobb's Food Shoppe.
 19856 | Orc:1    | Entered Level 1 of the Orcish Mines
 20051 | Orc:1    | Received a gift from Okawaru
 20133 | Orc:1    | Found a roughly hewn altar of Beogh.
 20954 | Orc:3    | Noticed Nessos
 20968 | Orc:3    | Killed Nessos
 20994 | Orc:3    | Found a roughly hewn altar of Beogh.
 21041 | Orc:3    | Noticed Maurice
 21052 | Orc:3    | Killed Maurice
 21614 | Orc:4    | Entered Level 4 of the Orcish Mines
 21783 | Orc:3    | Found a staircase to the Elven Halls.
 22356 | Orc:4    | Reached skill level 10 in Axes
 22677 | Orc:4    | Found Xooty's Assorted Antiques.
 22685 | Orc:4    | Bought a pair of glowing boots for 162 gold pieces
 22917 | Orc:4    | Found Fejoy's Gadget Shoppe.
 22920 | Orc:4    | Found Neosmiet's Food Emporium.
 22921 | Orc:4    | Found Tetathah's Food Shoppe.
 22922 | Orc:4    | Found Kaup's Book Shoppe.
 23107 | Elf:1    | Entered Level 1 of the Elven Halls
 23196 | Elf:1    | Noticed Nikola
 23223 | Elf:1    | Killed Nikola
 23223 | Elf:1    | Received a gift from Okawaru
 23310 | Elf:1    | Noticed a deep elf sorcerer
 23319 | Elf:1    | Killed a deep elf sorcerer
 23343 | Elf:1    | Noticed a deep elf sorcerer
 23353 | Elf:1    | Killed a deep elf sorcerer
 23353 | Elf:1    | Reached XP level 16. HP: 121/127 MP: 16/16
 23567 | Elf:1    | Noticed a deep elf sorcerer
 23589 | Elf:1    | Killed a deep elf sorcerer
 23596 | Elf:1    | Received a gift from Okawaru
 23745 | Elf:1    | Found Fyitrur's Assorted Antiques.
 23855 | Elf:2    | Reached skill level 10 in Armour
 23951 | Elf:2    | Found a magical portal.
 23991 | WizLab   | Entered Zonguldrok's Shrine
 24296 | WizLab   | Noticed an ancient champion
 24325 | WizLab   | Killed an ancient champion
 24383 | WizLab   | Noticed an ancient champion
 24405 | WizLab   | Killed an ancient champion
 24421 | WizLab   | Noticed an antique lich
 24437 | WizLab   | Killed an antique lich
 24823 | Elf:2    | Reached XP level 17. HP: 126/133 MP: 17/17
 25022 | Elf:2    | Received a gift from Okawaru
 25267 | Elf:2    | Found a huge runed gate.
 25267 | Elf:2    | Found a huge runed gate.
 25267 | Elf:2    | Found a huge runed gate.
 25282 | Elf:2    | Found a huge runed gate.
 25283 | Elf:2    | Found a huge runed gate.
 25319 | Elf:2    | Noticed a deep elf blademaster
 25368 | Elf:2    | Killed a deep elf blademaster
 25744 | Elf:2    | Reached skill level 15 in Armour
 26780 | Spider:1 | Entered Level 1 of the Spider Nest
 27704 | Spider:2 | Noticed Norris
 27738 | Spider:2 | Killed Norris
 27738 | Spider:2 | Received a gift from Okawaru
 27739 | Spider:2 | Got an encrusted chain mail {god gift}
 27808 | Spider:2 | Identified the +3 chain mail "Laveot" {*Drain rCorr Dex+2 Stlth+} (Okawaru gifted it to you on level 2 of the Spider Nest)
 27931 | Spider:2 | Noticed Arachne
 27960 | Spider:2 | You fall through a shaft!
 28422 | Spider:3 | Reached XP level 18. HP: 94/140 MP: 18/18
 29265 | Spider:2 | You fall through a shaft!
 29432 | Spider:2 | Killed Arachne
 29850 | Spider:4 | Entered Level 4 of the Spider Nest
 29931 | Spider:4 | Noticed Donald
 29957 | Spider:4 | Killed Donald
 30215 | Spider:4 | Received a gift from Okawaru
 30597 | Spider:4 | Received a gift from Okawaru
 30703 | Spider:4 | Got a gossamer rune of Zot
 30793 | Spider:4 | Reached skill level 15 in Fighting
 31168 | Spider:4 | Reached XP level 19. HP: 147/155 MP: 19/19
 31503 | Swamp:1  | Entered Level 1 of the Swamp
 31715 | Swamp:1  | You fall through a shaft!
 31715 | Swamp:2  | Noticed Roxanne
 31730 | Swamp:2  | Killed Roxanne
 31959 | Swamp:2  | Received a gift from Okawaru
 34492 | Swamp:4  | Entered Level 4 of the Swamp
 34708 | Swamp:3  | Received a gift from Okawaru
 34709 | Swamp:3  | Got a pitted cloak {god gift}
 34720 | Swamp:3  | Identified the +0 cloak of Death Resistance {*Corrode +Fly Int+4} (Okawaru gifted it to you on level 3 of the Swamp)
 35607 | Swamp:4  | Noticed the 27-headed Lernaean hydra
 35619 | Swamp:3  | HP: 5/163 [the 27-headed Lernaean hydra (8)]
 35620 | Swamp:3  | HP: 2/163 [the 27-headed Lernaean hydra (6)]
 35621 | Swamp:3  | Slain by the 27-headed Lernaean hydra

Vault maps used:
D:1:      lemuel_arrival_funnel, serial_forest, infiniplex_forest_end_double,
          infiniplex_forest_lined_1, infiniplex_forest_straight_1,
          infiniplex_forest_straight_4, infiniplex_forest_clump_medium,
          infiniplex_forest_end_2
D:2:      first_bread, uniq_sigmund, uniq_crazy_yiuf_cottage, uniq_terence
D:3:      due_unseen_surprise, uniq_natasha
D:4:      nemelex_xobeh_ov_fountains_minmay, fedhas_altar_2,
          lemuel_crystal_altar
D:5:      overflow_temple_1_default, serial_shops, shop_statue, minivault_25,
          uniq_duvessa
D:6:      vehumet_altar_wand_db, serial_shops, shop, fountainhead,
          nicolae_ashenzari_panopticon
D:7:      minmay_temple_entry_poolview
D:8:      david_lair_shrubbed
D:9:      bloody_trog, okawaru_ov_weapons_minmay, serial_shops, shop,
          grunt_livestock
D:10:     minmay_misc_feat_room, uniq_nergalle
D:11:     orc_0_dummy, serial_shops, shop, nooodl_orcs_dogs
Temple:   circular_temple_12
Lair:1:   lemuel_oklob_altar, serial_bayou_shore_a
Lair:2:   lab_entry_generic
Lair:3:   lemuel_fruit_fields
Lair:4:   minmay_swamp_entry_wisps
Lair:5:   dummy_spider_entry, st_stairs_11, roderic_carrion_pond
Lair:6:   grunt_megastairs_2, lemuel_fruit_fields, bh_autumn_forest_stairs
Lair:7:   minmay_slime_entry_pillars, portal_ice_cave_entry_dragon,
          grunt_megastairs_1, serial_bayou_shore_b
Lair:8:   wormcave, serial_bayou_pond_b, pond
Swamp:1:  hangedman_swamp_diagram
Swamp:2:  evilmike_swamp_ruin_house_2, swamp_pool1, infiniplex_staircase_pool,
          uniq_roxanne
Swamp:3:  evilmike_swamp_ruin_house_3, swamp_pool5
Swamp:4:  grunt_swamp_rune_castle
Spider:2: uniq_norris, uniq_arachne
Spider:4: grunt_spider_rune_circles, spiders_nest_the_unseen, uniq_donald
Orc:1:    lemuel_ogre_cave, basic_altar
Orc:3:    nicolae_orc_accident_1, basic_altar, nicolae_orc_pool_cavern,
          mines3_lemuel, uniq_nessos, uniq_maurice
Orc:4:    st_orc_pillars, serial_shops, shop
Elf:1:    serial_shops, nicolae_shop_overgrown_old_shop,
          hangedman_elf_disciples, hex_tiny, uniq_nikola
Elf:2:    mu_enter_wizlab_4, grunt_megastairs_5
Lab:      nicolae_lab_grate_2, labyrinth_skeletal_remains
IceCv:    ice_cave_small_dragons
WizLab:   wizlab_zonguldrok

Action                   |  1- 3 |  4- 6 |  7- 9 | 10-12 | 13-15 | 16-18 | 19-21 || total
-------------------------+-------+-------+-------+-------+-------+-------+-------++-------
Melee: Flail             |    69 |    73 |    25 |       |       |       |       ||   167
       Whip              |       |    63 |   474 |   807 |       |       |       ||  1344
       Dire flail        |       |       |       |   290 |   566 |       |       ||   856
       Demon whip        |       |       |       |       |   539 |       |       ||   539
       War axe           |       |       |       |       |   973 |       |       ||   973
       Eveningstar       |       |       |       |       |    28 |  1471 |   617 ||  2116
Throw: Javelin           |       |       |       |     6 |     2 |       |       ||     8
Invok: Heroism           |       |       |       |       |       |       |     1 ||     1
 Abil: Dig               |     3 |    10 |    15 |    37 |    36 |    27 |       ||   128
       Shaft Self        |       |       |       |       |       |     2 |       ||     2
Evoke: Wand              |       |       |       |       |    10 |     1 |     3 ||    14
  Use: Potion            |       |     1 |       |     2 |     8 |     4 |     2 ||    17
       Scroll            |       |       |       |    14 |    10 |     7 |       ||    31
 Stab: Invisible         |       |       |       |       |    10 |       |       ||    10
       Paralysed         |       |       |       |       |     4 |     4 |       ||     8
       Distracted        |       |       |       |       |       |     1 |     1 ||     2
  Eat: Chunk             |       |     3 |    14 |    21 |    31 |    10 |     1 ||    80
       Bread ration      |       |     1 |       |       |     3 |     2 |       ||     6
       Fruit             |       |       |       |     2 |     2 |       |       ||     4
       Pizza             |       |       |       |       |     3 |       |     1 ||     4
       Meat ration       |       |       |       |       |       |     2 |     2 ||     4
